Map: Acropolis LE

Players

Smeeeger - Winner!

  • Race: Terran Terran
  • League: Platinum
  • Spawn Location: 5:00

A.I. 1 (Harder)

  • Race: Terran Terran
  • Spawn Location: 11:00

VOD

Have the link to the VOD?

Description

Time

  • Played on: July 24, 2019, 10:55 p.m.
  • Length: 9:23
Show
View Real Time Build Order
Export as new Build Order

Smeeeger Terran - Winner!

Build Orders:  

Get SALT Encoding   

  12  0:01  SCV  
  13  0:13  SCV  
  14  0:19  Supply Depot  
  14  0:26  SCV  
  15  0:40  SCV  
  15  0:41  Barracks  
  16  0:53  SCV  
  16  0:55  Refinery  
  17  1:05  SCV  
  18  1:17  SCV  
  19  1:30  Orbital Command  
  19  1:39  Barracks Reactor  
  19  1:40  Command Center  
  19  1:55  SCV  
  20  2:02  Supply Depot  
  20  2:08  SCV  
  21  2:14  Marine  
  21  2:15  Marine  
  23  2:24  SCV  
  23  2:28  Supply Depot  
  24  2:32  Marine x2  
  24  2:36  SCV  
  27  2:39  Barracks  
  27  2:40  Barracks  
  27  2:50  Marine x2  
  29  2:51  Orbital Command  
  29  2:56  Supply Depot  
  29  2:59  SCV  
  30  3:10  Factory  
  30  3:11  Marine, SCV  
  32  3:14  Marine  
  33  3:21  SCV  
  33  3:23  SCV  
  33  3:25  Barracks Tech Lab  
  35  3:30  Marine  
  35  3:31  Marine  
  35  3:33  Marine, SCV  
  39  3:35  SCV  
  40  3:44  Engineering Bay  
  40  3:45  SCV  
  40  3:47  SCV  
  42  3:54  Refinery  
  42  3:55  Starport  
  42  3:56  Factory Tech Lab  
  42  3:57  SCV  
  42  3:58  Factory Reactor  
  42  4:00  Barracks Reactor  
  43  4:05  SCV  
  45  4:10  SCV  
  45  4:18  SCV  
  45  4:19  Marine x3  
  45  4:22  SCV  
  50  4:30  SCV  
  51  4:31  Refinery  
  51  4:34  SCV  
  51  4:37  Marine x3  
  55  4:38  Medivac  
  55  4:39  Medivac  
  55  4:40  Marine x2  
  55  4:42  SCV  
  62  5:01  Terran Infantry Weapons Level 1  
  62  5:09  Factory Reactor  
  62  5:32  Supply Depot  
  62  5:33  Supply Depot  
  62  5:35  Supply Depot  
  62  5:49  Stimpack  
  62  5:53  Marine x3  
  62  5:54  Marine x2, Widow Mine x2, SCV  
  62  5:55  Medivac, SCV  
  75  5:58  Supply Depot  
  75  5:59  Supply Depot  
  75  6:06  SCV  
  75  6:07  SCV  
  68  6:11  Marine x3  
  68  6:12  Marine x2  
  66  6:22  Supply Depot  
  66  6:29  Marine x3  
  66  6:30  Marine  
  70  6:42  Command Center  
  70  6:43  Marine  
  70  6:44  Refinery, Widow Mine  
  70  6:45  Medivac x2, Widow Mine  
  79  6:47  Marine x3  
  79  6:48  Marine  
  83  6:59  Terran Infantry Armor Level 1  
  83  7:01  Barracks  
  83  7:03  Armory, Barracks  
  83  7:06  Barracks  
  79  7:27  Marine x2  
  79  7:28  Marine x3  
  82  7:45  Marine x3  
  82  7:46  Marine x2  
  82  7:49  Combat Shield  
  87  7:52  Medivac  
  87  7:53  Medivac  
  87  7:54  Widow Mine  
  87  7:55  Widow Mine  
  95  7:58  Barracks Reactor x2  
  95  7:59  Barracks Reactor  
  95  8:02  Orbital Command  
  95  8:05  SCV x2  
  93  8:17  SCV  
  86  8:33  Marine  
  86  8:34  Marine x10  
  87  8:38  SCV x3  
  100  8:44  Supply Depot  
  100  8:49  Bunker  
  100  8:50  SCV x2  
  100  8:51  Marine x2  
  100  8:52  Marine x9, Bunker  
  111  9:07  Supply Depot  
Show
View Real Time Build Order
Export as new Build Order

A.I. 1 (Harder) Terran 

Build Orders:  

Get SALT Encoding   

  12  0:00  SCV  
  13  0:13  SCV  
  14  0:18  Supply Depot  
  14  0:25  SCV  
  15  0:40  SCV  
  15  0:41  Barracks  
  16  0:47  Refinery  
  16  0:52  SCV  
  17  1:04  SCV  
  18  1:16  SCV  
  19  1:19  Supply Depot  
  19  1:28  SCV  
  19  1:29  Marine  
  21  1:39  Barracks  
  21  1:40  Orbital Command  
  21  1:48  Refinery, Barracks Tech Lab  
  21  2:04  Factory  
  21  2:06  Marine  
  22  2:20  Supply Depot  
  22  2:25  Marauder  
  22  2:26  Marine  
  25  2:43  Marine  
  26  2:46  Marauder  
  28  2:52  Supply Depot  
  28  2:53  Hellion  
  30  3:01  Marine  
  31  3:07  Marine  
  32  3:19  Marine  
  33  3:25  Marine  
  33  3:26  Supply Depot  
  34  3:29  Hellion  
  36  3:37  Marine  
  37  3:42  Marine  
  37  3:48  SCV  
  39  3:50  Hellion  
  39  3:54  Supply Depot  
  41  4:00  SCV  
  41  4:01  Marauder  
  44  4:08  Engineering Bay  
  44  4:11  Hellion  
  44  4:12  SCV  
  47  4:22  Marauder  
  49  4:24  SCV  
  50  4:33  Hellion  
  50  4:36  SCV  
  53  4:48  SCV  
  54  6:08  Barracks Tech Lab  
  54  6:09  Stimpack, Marine, Terran Infantry Weapons Level 1  
  52  6:11  SCV  
  52  6:12  Factory  
  52  6:15  Ghost Academy, Factory Tech Lab  
  49  6:19  Command Center, Starport  
  49  6:22  Starport  
  49  6:23  SCV  
  50  6:26  Combat Shield, Marine x2  
  52  6:35  SCV  
  53  6:44  Marauder  
  53  6:45  Marauder  
  57  6:56  Factory Tech Lab  
  57  6:58  Starport Tech Lab  
  57  6:59  Starport Tech Lab  
  57  7:04  Supply Depot  
  57  7:05  Marine, SCV  
  57  7:06  Marine  
  60  7:18  SCV  
  61  7:23  Ghost  
  61  7:25  Marine  
  63  7:30  Supply Depot  
  63  7:33  SCV  
  63  7:34  SCV  
  46  7:43  Ghost  
  39  7:45  Concussive Shells, SCV  
  39  7:48  SCV  
  41  7:51  Marine  
  41  7:57  SCV  
  43  8:00  SCV  
  44  8:09  SCV  
  44  8:10  Marauder  
  44  8:11  Marine  
  48  8:13  SCV  
  29  8:29  Marine  
  29  8:30  Viking  
  29  8:31  Marine  
  28  8:47  Marine  
  24  8:48  Marine  
  14  9:07  SCV  
Tags
 
League
Platinum
Matchup
TvT
Race
Terran
Replay Pack
SC2 replays
Spawn Locations
Cross Positions
Add a new tag
Caveats
  • Supply blocks, unpowered buildings, or Contaminate may cause inaccurate times.
  • Supply counts are checked every 10 seconds.